[Event "Late-Titled-Tuesday-Blitz-March-26-2024"]
[Site "Chess.com"]
[Date "2024.03.26"]
[Round "1"]
[White "ViIIagra"]
[Black "nj123456"]
[Result "1-0"]
[WhiteElo "2876"]
[BlackElo "2465"]
[TimeControl "180+1"]
[EndTime "14:06:32 PDT"]
[Termination "ViIIagra won by resignation"]

1. d4 d5 2. Nd2 Nf6 3. e3 e6 4.
Bd3 c5 5. c3 Nc6 6. f4 Bd6 7.
Ngf3 O-O 8. Ne5 Ne7 9. O-O b6 10.
Qf3 Bb7 11. g4 Rc8 12. g5 Ne8 13. Qh5 Nf5 14. Rf3 g6 15. Qg4 Neg7 16. Qh3 Bxe5 17.
dxe5 c4 18. Bb1 d4 19. e4 Ne7 20. Bc2 d3 21. Bd1 Qc7 22. Qh6 Qc5+ 23. Kf1 Nef5 24.
exf5 Nxf5 25. Qh3 Bxf3 26. Qxf3 b5 27. Ne4 Qb6 28. Bd2 a5 29. Qh3 b4 30. Nf6+ 1-0

[Event "Late-Titled-Tuesday-Blitz-March-26-2024"]
[Site "Chess.com"]
[Date "2024.03.26"]
[Round "1"]
[White "TigrVShlyape"]
[Black "EternalNight8"]
[Result "1-0"]
[WhiteElo "2896"]
[BlackElo "2475"]
[TimeControl "180+1"]
[EndTime "14:06:33 PDT"]
[Termination "TigrVShlyape won by checkmate"]

1. e4 c5 2. Nf3 d6 3. d4 cxd4 4. Nxd4 Nf6 5. Nc3 Nc6 6. Bg5 Bd7 7. Qd2 Rc8 8. Nxc6 Bxc6 9. Bd3 h6 10. Bh4 e6 11.
Qe2 Be7 12. Bg3 Qb6 13. Rb1 O-O 14. O-O Rfd8 15. Kh1 Nd7 16. f4 Nc5 17. f5 Nxd3 18. cxd3 e5 19. f6 Bxf6 20. Rxf6 gxf6 21. Bh4 d5 22.
Bxf6 Kh7 23. Qg4 Rg8 24. Qf5+ Rg6 25. Qxc8 Qf2 26. Qh8# 1-0

[Event "Late-Titled-Tuesday-Blitz-March-26-2024"]
[Site "Chess.com"]
[Date "2024.03.26"]
[Round "1"]
[White "KetiTsatsalashvili"]
[Black "carokannlover213"]
[Result "0-1"]
[WhiteElo "2438"]
[BlackElo "2833"]
[TimeControl "180+1"]
[EndTime "14:06:35 PDT"]
[Termination "carokannlover213 won by resignation"]

1. d4 Nf6 2. Nf3 d5 3. e3 c5 4. b3 Nc6 5. Bd3 Bg4 6. Bb2 e6 7. h3 Bh5 8. g4 Bg6 9. Ne5 Bxd3 10. cxd3 cxd4 11. exd4 Bb4+ 12. Nd2 Qb6 13. g5 Nd7 14. Nxd7 Kxd7 15. Qf3 Rhf8 16. Qe3 Qa5 17. a3 Bxd2+ 18.
Qxd2 Qxd2+ 19. Kxd2 Na5 20. Kc2 Rfc8+ 21. Bc3 Nc6 22. Kb2 Ne7 23. Bd2 Nf5 24. Be3 Rh8 25. Rac1 Rac8 26. Rxc8 Rxc8 27. Rc1 Rxc1 28. Kxc1 a6 29.
Kd2 f6 30. gxf6 gxf6 31. Ke2 h5 32. Kf3 Kc6 33. Ke2 Kb5 34. Kd2 Kb6 35. Kc3 Kc6 36.
Kd2 e5 37. dxe5 fxe5 38. Ke2 Kd6 39. f4 Ke6 40. fxe5 Kxe5 41. Kf3 Nd4+ 42. Kg3 Nxb3 43. Kh4 d4 44. Bf2 Nc5 45. Kxh5 Nxd3 46. Bg3+ Kf5 47.
Bd6 Nf4+ 48. Kh4 d3 49. Bb4 Ke4 50. Bd2 Kf3 51. a4 Ng2+ 52. Kg5 Ke2 53. Bb4 b5 54. axb5 axb5 55. h4 Nxh4 56. Kxh4 d2 57. Bxd2 Kxd2 58. Kg4 b4 59. Kf4 b3 60. Ke4 b2 61. Kd4 b1=Q 62.
Kc4 Qb2 63. Kd5 Qc3 0-1

[Event "Late-Titled-Tuesday-Blitz-March-26-2024"]
[Site "Chess.com"]
[Date "2024.03.26"]
[Round "1"]
[White "Andreikka"]
[Black "kecalk"]
[Result "1-0"]
[WhiteElo "2995"]
[BlackElo "2510"]
[TimeControl "180+1"]
[EndTime "14:06:36 PDT"]
[Termination "Andreikka won by resignation"]

1. c4 e5 2. g3 c6 3. Nf3 e4 4.
Nd4 d5 5. cxd5 Qxd5 6. Nc2 Nf6 7. Nc3 Qe5 8. Bg2 Na6 9. Rb1 Be7 10. b4 Nc7 11. Bb2 Qf5 12. Ne3 Qg6 13. Qc2 Ncd5 14. Nxe4 Nxb4 15. Nxf6+ gxf6 16. Qd1 Be6 17. O-O O-O 18.
a3 Nd5 19. Nxd5 Bxd5 20. Bxd5 cxd5 21. Qb3 Qe4 22. Qxb7 Rfb8 23. Qc6 Qxe2 24. Bxf6 Bxf6 25. Qxf6 Qe6 26. Qg5+ Kf8 27. Rbe1 Qg6 28. Qxd5 Rd8 29. Qc5+ Kg8 30. Re5 h6 31. Qe3 Rd6 32. Re1 Rad8 33.
Qxa7 Rxd2 34. Re8+ Rxe8 35. Rxe8+ Kg7 36. Qe3 Rd1+ 37.
Kg2 Qc6+ 38. Qe4 Qc5 39. Qe5+ Qxe5 40. Rxe5 Ra1 41. Re3 Kg6 42. g4 f6 43. Kg3 Ra2 44.
h3 Ra1 45. f4 Ra2 46. f5+ Kf7 47. Kh4 Ra1 48. Kh5 1-0

[Event "Late-Titled-Tuesday-Blitz-March-26-2024"]
[Site "Chess.com"]
[Date "2024.03.26"]
[Round "1"]
[White "LeoWin2012"]
[Black "NMJeevanK"]
[Result "0-1"]
[WhiteElo "2283"]
[BlackElo "2615"]
[TimeControl "180+1"]
[EndTime "14:06:36 PDT"]
[Termination "NMJeevanK won by checkmate"]

1. e4 e5 2. Nf3 d6 3. Bc4 Be7 4. d4 exd4 5. Nxd4 Nf6 6. Nc3 O-O 7. f3 c6 8. Be3 b5 9. Bb3 b4 10. Nce2 c5 11. Nf5 Bxf5 12. exf5 d5 13. Nf4 c4 14. Ba4 Bd6 15. O-O Qa5 16. b3 c3 17. g3 Na6 18.
Bc6 Rad8 19. Qd3 Nc5 20. Qb5 Qxb5 21. Bxb5 a6 22. Be2 Rfe8 23. Kf2 Bxf4 24. Bxc5 Bd2 25. Bxb4 d4 26. Rfd1 Nd5 27. Bc5 Ne3 28. Rg1 Nxc2 29. Bxa6 Nxa1 30. Rxa1 c2 31. Ba3 Ra8 32. Bb5 Rxa3 33.
Bxe8 c1=Q 34. Rxc1 Bxc1 35. b4 Be3+ 36. Ke2 Rxa2+ 37.
Kd3 Rxh2 38. b5 Rb2 39. Bc6 Kf8 40. g4 Ke7 41. Ke4 g6 42. fxg6 hxg6 43. Kd3 Kd6 44. Ke4 f6 45. Kd3 Kc5 46. Be8 g5 47. Bc6 Rxb5 48.
Bxb5 Kxb5 49. Kc2 Kc4 50. f4 gxf4 51. Kd1 f3 52. g5 Kd3 53. Ke1 fxg5 54. Kd1 g4 55. Ke1 g3 56. Kf1 g2+ 57. Ke1 g1=Q# 0-1

[Event "Late-Titled-Tuesday-Blitz-March-26-2024"]
[Site "Chess.com"]
[Date "2024.03.26"]
[Round "1"]
[White "GlavkonVVS"]
[Black "AndresDelgado77"]
[Result "1-0"]
[WhiteElo "2647"]
[BlackElo "2326"]
[TimeControl "180+1"]
[EndTime "14:06:38 PDT"]
[Termination "GlavkonVVS won on time"]

1. c4 g6 2. Nc3 Bg7 3. Nf3 c5 4. g3 Nc6 5. Bg2 Nf6 6. O-O O-O 7. d3 d5 8. cxd5 Nxd5 9. Bd2 b6 10. a3 Bb7 11. Qa4 Nd4 12. Nxd4 cxd4 13. Nxd5 Bxd5 14.
Bxd5 Qxd5 15. Rac1 Qe5 16. Rfe1 Rac8 17. Qxa7 Rxc1 18.
Bxc1 Rc8 19. Bf4 Qb5 20. Rc1 Rxc1+ 21. Bxc1 h5 22. Qxe7 Qc6 23. Qg5 Bf8 24. Qd2 b5 25.
Qd1 b4 26. axb4 Bxb4 27. Bd2 Bf8 28. e4 dxe3 29. Bxe3 Qb5 30. Qc2 Bg7 31. d4 Qd5 32. Qc3 h4 33. gxh4 Qf3 34. Qc8+ Kh7 35. h3 Qd1+ 36. Kg2 Qd3 37. Qg4 Qb3 38. h5 Qxb2 39.
hxg6+ fxg6 40. Qe4 Qb3 41. d5 Qb5 42. Bf4 Qd7 43. d6 Kg8 44. Qxg6 1-0

[Event "Late-Titled-Tuesday-Blitz-March-26-2024"]
[Site "Chess.com"]
[Date "2024.03.26"]
[Round "1"]
[White "Stanbad1"]
[Black "kai_nov"]
[Result "1-0"]
[WhiteElo "2656"]
[BlackElo "2345"]
[TimeControl "180+1"]
[EndTime "14:06:40 PDT"]
[Termination "Stanbad1 won on time"]

1. d4 d5 2. c4 e6 3. Nf3 c6 4. Nbd2 Nf6 5. g3 c5 6. cxd5 exd5 7. Bg2 Nc6 8. O-O Be7 9. dxc5 Bxc5 10. Nb3 Be7 11.
Nbd4 O-O 12. b3 Bg4 13. Bb2 Rc8 14. Rc1 Ne4 15. a3 Bf6 16. Qd3 Qb6 17. Nxc6 bxc6 18. Bxf6 Nxf6 19. b4 Rfe8 20. e3 Bh5 21. Qd4 Qa6 22.
Qb2 Ne4 23. Nd4 h6 24. Rc2 Bg6 25. Rfc1 Qd3 26. Rxc6 Rxc6 27. Nxc6 Nd6 28. Ne5 Qf5 29. Nxg6 fxg6 30. Qd4 Ne4 31. Qb2 Kh7 32. a4 Ng5 33. Qc2 Nf3+ 34. Bxf3 Qxf3 35. Qd1 Qe4 36. Qd4 1-0

[Event "Late-Titled-Tuesday-Blitz-March-26-2024"]
[Site "Chess.com"]
[Date "2024.03.26"]
[Round "1"]
[White "Revan_2002"]
[Black "simaopdias"]
[Result "1-0"]
[WhiteElo "2627"]
[BlackElo "2301"]
[TimeControl "180+1"]
[EndTime "14:06:40 PDT"]
[Termination "Revan_2002 won by resignation"]

1. d4 Nf6 2. c4 e5 3. dxe5 Ng4 4. e3 Nxe5 5. Nc3 Bb4 6. Bd2 d6 7. a3 Bxc3 8. Bxc3 O-O 9. Be2 Nbc6 10. Nf3 Be6 11. b3 Qe7 12. O-O Rad8 13. Qc2 Rfe8 14.
Rad1 f6 15. Nd2 Bf7 16. h3 Bg6 17. e4 Bf7 18. f4 Ng6 19. Rde1 Qd7 20. Bg4 Qe7 21.
b4 a6 22. Qd3 Qf8 23. Kh2 Nge7 24. Qg3 Kh8 25. b5 Nb8 26. a4 Bg6 27. e5 f5 28. Bf3 c6 29. bxa6 Nxa6 30. Ba5 dxe5 31. Bxd8 exf4 32. Qxf4 Rxd8 33. Nb3 Ng8 34. Nd4 Nc5 35.
Ne6 Nxe6 36. Rxe6 Nf6 37. Rd1 Rxd1 38. Bxd1 h6 39. Qd6 Qa8 40. Bc2 Kh7 41. Re7 Qf8 42. c5 Ne4 43. Rxe4 fxe4 44. Qxf8 1-0

[Event "Late-Titled-Tuesday-Blitz-March-26-2024"]
[Site "Chess.com"]
[Date "2024.03.26"]
[Round "1"]
[White "GothamChess"]
[Black "ArchibaldCerveza29"]
[Result "1-0"]
[WhiteElo "2678"]
[BlackElo "2370"]
[TimeControl "180+1"]
[EndTime "14:06:41 PDT"]
[Termination "GothamChess won by checkmate"]

1. e4 e5 2. Nf3 Nf6 3. d3 Nc6 4. c3 Be7 5. Nbd2 O-O 6. Be2 d5 7. Qc2 a5 8. a4 h6 9. h3 Re8 10. Nf1 Bf8 11. g4 dxe4 12. dxe4 Be6 13. g5 hxg5 14. Bxg5 Be7 15. Rg1 Nh5 16. Rd1 Qc8 17. Ne3 Bxg5 18. Nxg5 Nf4 19. Nd5 Nxd5 20. exd5 Bf5 21.
Qd2 Ne7 22. h4 Ng6 23. h5 Nf4 24. h6 g6 25. Qe3 f6 26. h7+ Kg7 27. Ne4 Qd8 28.
Ng3 Kxh7 29. Nxf5 gxf5 30. Qg3 Kh6 31. Rh1+ Nh5 32. Rxh5# 1-0

[Event "Late-Titled-Tuesday-Blitz-March-26-2024"]
[Site "Chess.com"]
[Date "2024.03.26"]
[Round "1"]
[White "Sina_Movahed"]
[Black "Defenstrator"]
[Result "1-0"]
[WhiteElo "3069"]
[BlackElo "2524"]
[TimeControl "180+1"]
[EndTime "14:06:42 PDT"]
[Termination "Sina_Movahed won by resignation"]

1. e4 c5 2. Nf3 e6 3. d4 cxd4 4. Nxd4 Nf6 5. Nc3 Qb6 6. Be2 Bb4 7. e5 Nd5 8. Qd3 Nc6 9. Nxc6 bxc6 10. O-O Nxc3 11.
bxc3 Be7 12. Qg3 g6 13. Bh6 Ba6 14. Rab1 Qa5 15. c4 Qa4 16. Rb3 Bxc4 17. Bxc4 Qxc4 18.
Rfb1 Rd8 19. Bg7 Rg8 20. Bf6 Bxf6 21. exf6 d6 22. Rb8 Qd4 23. h3 Qxf6 24. Qxd6 Qe7 25. Rxd8+ Qxd8 26. Rb8 1-0

[Event "Late-Titled-Tuesday-Blitz-March-26-2024"]
[Site "Chess.com"]
[Date "2024.03.26"]
[Round "1"]
[White "Der_Balak_3Halak"]
[Black "ProfessorChess101"]
[Result "0-1"]
[WhiteElo "2411"]
[BlackElo "2771"]
[TimeControl "180+1"]
[EndTime "14:06:43 PDT"]
[Termination "ProfessorChess101 won by resignation"]

1. e4 e5 2. Nf3 Nc6 3. Bb5 a6 4. Bxc6 dxc6 5. O-O Bg4 6. h3 Bh5 7. c3 Nf6 8. d4 exd4 9. e5 Nd5 10.
cxd4 Be7 11. Nc3 O-O 12. Re1 c5 13. Be3 Nxe3 14. fxe3 c6 15. d5 cxd5 16. Qxd5 Qc8 17. Rad1 Rd8 18. Qe4 Bf8 19. Nd5 Qc6 20. Nc3 Qxe4 21. Nxe4 Be7 22. Nd6 b5 23. Nf5 Bf8 24. Kf2 Re8 25. g4 Bg6 26. Rd7 c4 27. a3 a5 28. h4 h5 29. e4 hxg4 30. Nh2 Rxe5 31. Nxg4 Bxf5 32. Nxe5 Bxd7 33. Nxd7 Be7 34. h5 Bh4+ 35.
Ke2 Bxe1 36. Kxe1 Re8 37. e5 Re7 0-1

[Event "Late-Titled-Tuesday-Blitz-March-26-2024"]
[Site "Chess.com"]
[Date "2024.03.26"]
[Round "1"]
[White "N_I_Chess"]
[Black "jinbojinbo"]
[Result "0-1"]
[WhiteElo "2314"]
[BlackElo "2637"]
[TimeControl "180+1"]
[EndTime "14:06:43 PDT"]
[Termination "jinbojinbo won on time"]

1. d4 Nf6 2. c4 c5 3. d5 b5 4. Nd2 g6 5. b3 Bg7 6. Bb2 O-O 7. e4 bxc4 8. Bxc4 d6 9. Qc2 Re8 10.
Ne2 e6 11. dxe6 Bxe6 12. Bxe6 Rxe6 13. f3 Nc6 14. O-O Nb4 15. Qc4 d5 16. exd5 Qxd5 17.
Nf4 Qxd2 18. Nxe6 Qxb2 19. Nxc5 Nbd5 20. Nd3 Qa3 21. Rfe1 h5 22. Rac1 Qxa2 23. Rc2 Qa5 24. Rce2 Kh7 25. b4 Qb6+ 26. Kh1 Rd8 27. Ne5 Qb7 28. Ra2 Rc8 29. Qd3 Nxb4 30. Qb3 Rc7 31. Rb1 Nfd5 32. Ra4 Bxe5 33. f4 Bxf4 34. Qf3 Qb5 0-1

[Event "Late-Titled-Tuesday-Blitz-March-26-2024"]
[Site "Chess.com"]
[Date "2024.03.26"]
[Round "1"]
[White "Mazetovic"]
[Black "Felix-Rose"]
[Result "1-0"]
[WhiteElo "2606"]
[BlackElo "2245"]
[TimeControl "180+1"]
[EndTime "14:06:43 PDT"]
[Termination "Mazetovic won by resignation"]

1. e4 e5 2. Nf3 Nc6 3. Bb5 a6 4. Ba4 Nf6 5. Nc3 b5 6. Bb3 Bc5 7. a4 Rb8 8. axb5 axb5 9. d3 h6 10. h3 d6 11. Nd5 Nxd5 12. Bxd5 Ne7 13. Bb3 O-O 14. Nh4 Kh8 15. Qh5 f5 16. Bg5 Kh7 17.
Bxe7 Qxe7 18. Ng6 Qe8 19. Nxf8+ Qxf8 20. O-O fxe4 21. dxe4 Bb7 22. Qg4 Qf6 23. Rad1 Rf8 24. Rd3 Bxf2+ 25. Kh1 Qf4 26. Qxf4 Rxf4 27. Bd5 Bc8 28.
Rf3 Bg3 29. Rxf4 Bxf4 30. Ra1 Bd7 31. Ra7 c6 32. Rxd7 cxd5 33. exd5 e4 34. Re7 Be5 35.
Rxe5 dxe5 36. d6 e3 37. Kg1 Kg6 38. d7 1-0

[Event "Late-Titled-Tuesday-Blitz-March-26-2024"]
[Site "Chess.com"]
[Date "2024.03.26"]
[Round "1"]
[White "N_Mullodzhanov"]
[Black "mishanick"]
[Result "1-0"]
[WhiteElo "2540"]
[BlackElo "3051"]
[TimeControl "180+1"]
[EndTime "14:06:44 PDT"]
[Termination "N_Mullodzhanov won by resignation"]

1. e4 c5 2. c3 d5 3. exd5 Qxd5 4. d4 Nc6 5. Nf3 Bf5 6. Be3 Nf6 7. Nbd2 cxd4 8.
Nxd4 Nxd4 9. Bxd4 e6 10. Bxf6 gxf6 11. Qa4+ Ke7 12. O-O-O Qd6 13. g4 Bg6 14. Nf3 Bh6+ 15. g5 Bxg5+ 16. Nxg5 Qc5 17. Ne4 Bxe4 18. Qxe4 Rac8 19.
Qxb7+ Rc7 20. Qf3 Rb8 21. Rd2 Rcb7 22. Rg1 Qa5 23. Bc4 Qa4 24. Bxe6 fxe6 25. Rg7+ Ke8 26. Rxb7 Rxb7 27. Qxb7 1-0

[Event "Late-Titled-Tuesday-Blitz-March-26-2024"]
[Site "Chess.com"]
[Date "2024.03.26"]
[Round "1"]
[White "CURRUTACO59"]
[Black "Thjop"]
[Result "0-1"]
[WhiteElo "2272"]
[BlackElo "2611"]
[TimeControl "180+1"]
[EndTime "14:06:45 PDT"]
[Termination "Thjop won on time"]

1. Nf3 d5 2. d4 Nf6 3. c4 c6 4. e3 Bf5 5. Nc3 e6 6. Bd3 Bxd3 7. Qxd3 Nbd7 8. O-O Bd6 9. e4 dxe4 10. Nxe4 Nxe4 11. Qxe4 O-O 12. Bg5 Qc7 13. Rad1 Rfe8 14. c5 Bf8 15. Bf4 Qa5 16. a3 Qa4 17. Ng5 Nf6 18. Qf3 h6 19. Nh3 Qc4 20. Be5 Qd5 21. Qe2 Nd7 22. Nf4 Qb3 23. Nd3 Nxe5 24. Nxe5 Be7 25. Rd3 Qd5 26. Rf3 Bf6 27. Rd1 Rad8 28. Rfd3 Bxe5 29. dxe5 Qc4 30.
Rxd8 Qxe2 31. Rxe8+ Kh7 32. Rf1 Qxb2 33. Re7 Kg6 34.
a4 Qxe5 35. Rxb7 Qxc5 36. Rd1 Qc2 37. Rbd7 Qxa4 38. g3 c5 39. Re7 c4 40. Rdd7 Qa1+ 41. Kg2 Qf6 0-1

[Event "Late-Titled-Tuesday-Blitz-March-26-2024"]
[Site "Chess.com"]
[Date "2024.03.26"]
[Round "1"]
[White "steepedgames"]
[Black "FabianoCaruana"]
[Result "0-1"]
[WhiteElo "2527"]
[BlackElo "3097"]
[TimeControl "180+1"]
[EndTime "14:06:48 PDT"]
[Termination "FabianoCaruana won on time"]

1. d4 Nf6 2. Bg5 Nc6 3. c4 Ne4 4. Bf4 e5 5. dxe5 Bc5 6. Qd5 Bxf2+ 7. Kd1 f5 8. Nh3 Bd4 9. Nd2 Qe7 10. Nxe4 fxe4 11.
e3 Bxb2 12. Rb1 Bxe5 13. Be2 d6 14. Ng5 Bf6 15. Rf1 Bxg5 16. Bxg5 Qe6 17. Qxe6+ Bxe6 18. Rxb7 Kd7 19. Kd2 Rhb8 20. Rfb1 Rxb7 21. Rxb7 Na5 22.
Rb4 c5 23. Rb5 Nxc4+ 24. Bxc4 Bxc4 25. Rb7+ Kc6 26. Rxg7 Rb8 27. Rxh7 Rb2+ 28. Kc3 Rxg2 29. Bf4 d5 30. Rxa7 Bd3 0-1

[Event "Late-Titled-Tuesday-Blitz-March-26-2024"]
[Site "Chess.com"]
[Date "2024.03.26"]
[Round "1"]
[White "only_strong_moves"]
[Black "janhelmer03"]
[Result "1-0"]
[WhiteElo "2690"]
[BlackElo "2381"]
[TimeControl "180+1"]
[EndTime "14:06:49 PDT"]
[Termination "only_strong_moves won by resignation"]

1. Nc3 d5 2. e4 d4 3. Nce2 e5 4. c3 Nc6 5. Ng3 Nf6 6. Bc4 Bc5 7. d3 O-O 8. Nf3 Qe7 9. O-O Na5 10. Bb5 a6 11. Ba4 b5 12. Bc2 dxc3 13. bxc3 Bb7 14. Qe2 Rad8 15. Nh4 Qd7 16. Bg5 Be7 17. Nhf5 g6 18.
Nxe7+ Qxe7 19. f4 exf4 20. Bxf4 Qc5+ 21. Kh1 Ne8 22. Qd2 Ng7 23. d4 Nc4 24. Qf2 Qa3 25.
Bh6 Qxc3 26. Rad1 Ne6 27. d5 Ng7 28. Rd3 Qe5 29. Bf4 Qb2 30. Rf3 Ne5 31. Rb3 Ng4 32.
Rxb2 Nxf2+ 33. Rxf2 f5 34. Bxc7 Rc8 35. d6 f4 36. Bb3+ Kh8 37. Ne2 Ne6 38. Bxe6 1-0

[Event "Late-Titled-Tuesday-Blitz-March-26-2024"]
[Site "Chess.com"]
[Date "2024.03.26"]
[Round "1"]
[White "ElDivis"]
[Black "temus_galaktionov"]
[Result "1-0"]
[WhiteElo "2484"]
[BlackElo "2868"]
[TimeControl "180+1"]
[EndTime "14:06:50 PDT"]
[Termination "ElDivis won by resignation"]

1. e4 c6 2. d4 g6 3. Nc3 d6 4. h4 Bg7 5. h5 Qb6 6. Nge2 e5 7. h6 Bf6 8. d5 Be7 9. Be3 Qxb2 10. a3 cxd5 11. Ra2 Qxa2 12. Nxa2 dxe4 13. Nec3 f5 14. Nd5 Bd8 15. Bc4 Nc6 16. Ndb4 Kd7 17. Qd5 Nge7 18. Qf7 f4 19. Bc1 Kc7 20. Qg7 Re8 21.
Bf7 Bd7 22. Bxe8 Bxe8 23. Qxh7 Kb6 24. Qg7 Nf5 25. Qf8 Be7 26. Nd5+ Kc5 27. Nxe7 Ncxe7 28.
h7 Rc8 29. h8=Q Kd4 30. O-O Bd7 31. Qxc8 Bxc8 32. Nb4 a5 33. Bb2+ Kc5 34. Na2 Bd7 35. Nc3 Bc6 36. Re1 e3 37. fxe3 Nxe3 38. Qf8 N7f5 39.
Nd1 Nxc2 40. Rxe5+ Kc4 41. Rxf5 gxf5 42. Qxf5 Ne1 43.
Qxf4+ Kd5 44. Qd2+ 1-0

[Event "Late-Titled-Tuesday-Blitz-March-26-2024"]
[Site "Chess.com"]
[Date "2024.03.26"]
[Round "1"]
[White "Casablanca"]
[Black "Cluke86"]
[Result "1-0"]
[WhiteElo "2652"]
[BlackElo "2340"]
[TimeControl "180+1"]
[EndTime "14:06:50 PDT"]
[Termination "Casablanca won on time"]

1. Nf3 d6 2. b3 e5 3. e4 Nf6 4.
Nc3 Be7 5. Bb2 Nbd7 6. Bc4 c6 7. O-O b5 8. Be2 a6 9. d4 b4 10. Na4 Nxe4 11. dxe5 Nxe5 12. Nxe5 dxe5 13. Qxd8+ Bxd8 14. Bxe5 O-O 15. Rad1 Be6 16. Bf3 Bd5 17. Rfe1 Nc3 18. Nxc3 Bxf3 19. gxf3 bxc3 20. Bxc3 Bb6 21. Rd6 Rac8 22.
Red1 Rfd8 23. Kf1 Kf8 24. Bb4 Rxd6 25. Rxd6 Ke8 26. c4 Ba7 27. Ke2 Bb8 28. Rd1 Rd8 29.
Rg1 g6 30. Bc3 Bxh2 31. Rh1 Bf4 32. Rxh7 Rd6 33. Rh8+ Kd7 34. Ra8 Re6+ 35. Kd3 c5 36. Ra7+ Ke8 37. Bg7 f5 38. Ra8+ Kf7 39. Bf8 Bd6 40. Bh6 Be5 41. Be3 Rd6+ 42. Ke2 Bd4 43. Bxd4 cxd4 44. Kd3 Ke6 45. f4 Kf6 46. c5 Re6 47.
Kxd4 Re4+ 48. Kd5 Rxf4 49. Rxa6+ Kf7 50. c6 Rxf2 51. c7 Rd2+ 52. Kc6 Rc2+ 53. Kd7 Rd2+ 54. Rd6 Rc2 55. c8=Q 1-0

[Event "Late-Titled-Tuesday-Blitz-March-26-2024"]
[Site "Chess.com"]
[Date "2024.03.26"]
[Round "1"]
[White "TheMagician"]
[Black "OriTaichman"]
[Result "0-1"]
[WhiteElo "2283"]
[BlackElo "2616"]
[TimeControl "180+1"]
[EndTime "14:06:50 PDT"]
[Termination "OriTaichman won on time"]

1. e4 c5 2. Nf3 Nc6 3. Bb5 d6 4.
d4 cxd4 5. Nxd4 Bd7 6. O-O Nf6 7. Re1 g6 8. c4 Bg7 9. Bxc6 bxc6 10. Nc3 Rb8 11.
b3 c5 12. Nc2 Ng4 13. Bd2 Ne5 14. Qe2 Nc6 15. Rad1 Nd4 16. Qd3 e6 17. Be3 e5 18. Nd5 Be6 19. Bd2 f5 20. Nxd4 cxd4 21.
exf5 gxf5 22. Qh3 O-O 23. Nf4 Qd7 24. Nh5 f4 25. Qd3 Bf5 26. Qf3 Kh8 27. h3 Rg8 28. c5 dxc5 29. Rc1 e4 30. Qxf4 e3 0-1

[Event "Late-Titled-Tuesday-Blitz-March-26-2024"]
[Site "Chess.com"]
[Date "2024.03.26"]
[Round "1"]
[White "Firouzja2003"]
[Black "colegiodemadrid"]
[Result "1-0"]
[WhiteElo "3090"]
[BlackElo "2525"]
[TimeControl "180+1"]
[EndTime "14:06:51 PDT"]
[Termination "Firouzja2003 won by resignation"]

1. e4 e5 2. d4 exd4 3. Qxd4 Nc6 4. Qc4 Nf6 5. Nc3 Bb4 6. Bd2 O-O 7.
O-O-O Re8 8. f3 d6 9. Qe2 d5 10. a3 Be7 11. Bf4 d4 12. Nb5 Bd6 13. Bxd6 cxd6 14. Qf2 d5 15. Nxd4 Qb6 16. e5 Nxe5 17. Qd2 Bd7 18. Qb4 Qxb4 19. axb4 Rac8 20. Nge2 Nc4 21. Nc3 Ne3 22. Rd2 Nc4 23. Bxc4 Rxc4 24. b5 g6 25. Rd3 Be6 26. b3 Rc7 27. Kb2 Kg7 28. Ra1 b6 29. Na2 Nd7 30. Nb4 Nc5 31.
Re3 Kf6 32. Nxd5+ Bxd5 33. Rxe8 h5 34. c4 Be6 35. Kc3 h4 36. b4 Nd7 37. Nc6 a5 38. bxa6 Rxc6 39. Rxe6+ Rxe6 40. a7 Re3+ 41. Kd4 Re8 42.
a8=Q 1-0

[Event "Late-Titled-Tuesday-Blitz-March-26-2024"]
[Site "Chess.com"]
[Date "2024.03.26"]
[Round "1"]
[White "SuperJesus88"]
[Black "vladislavkovalev"]
[Result "0-1"]
[WhiteElo "2464"]
[BlackElo "2871"]
[TimeControl "180+1"]
[EndTime "14:06:52 PDT"]
[Termination "vladislavkovalev won by resignation"]

1. e4 e5 2. Nf3 Nc6 3. Bb5 a6 4. Bxc6 dxc6 5. d4 exd4 6. Qxd4 Qxd4 7. Nxd4 c5 8. Ne2 Bd7 9. Nbc3 O-O-O 10. Be3 Bc6 11. f3 b6 12. Kf2 Bd6 13. Rad1 Ne7 14. Bf4 Ng6 15. Bxd6 Rxd6 16. Rxd6 cxd6 17. Rd1 Rd8 18. Nd5 Bxd5 19. Rxd5 Kc7 20. f4 Ne7 21. Rd3 d5 22. exd5 Rxd5 23. Rxd5 Nxd5 24. a3 b5 25. g3 Kd6 26. Nc1 a5 27. Ke2 a4 28.
Kd3 h5 29. Ne2 Nb6 30. Nc3 Kc6 31. b3 axb3 32. cxb3 c4+ 33. Kc2 Kc5 34. Ne4+ Kd4 35. Nd6 cxb3+ 36. Kxb3 Ke3 37. Nxf7 Kf3 38. Ng5+ Kg2 39.
Ne6 g6 40. Nf8 Kxh2 41. Nxg6 Kxg3 42. f5 Nd5 43. f6 Nxf6 44. Kb4 Nd5+ 45. Kxb5 Nf4 46.
Ne7 Kg4 47. Nc6 h4 48. Ne5+ Kg3 49. a4 h3 50. Nf3 Kxf3 51. a5 h2 52. a6 h1=Q 0-1

[Event "Late-Titled-Tuesday-Blitz-March-26-2024"]
[Site "Chess.com"]
[Date "2024.03.26"]
[Round "1"]
[White "PepeCuenca"]
[Black "Dontmesswithme_2"]
[Result "1/2-1/2"]
[WhiteElo "2728"]
[BlackElo "2408"]
[TimeControl "180+1"]
[EndTime "14:06:54 PDT"]
[Termination "Game drawn by repetition"]

1. d4 d5 2. Bf4 Nf6 3. e3 c5 4. dxc5 Nc6 5. Bb5 e6 6. b4 a5 7.
c3 Bd7 8. Qb3 Ne4 9. Ne2 axb4 10. cxb4 b6 11. f3 bxc5 12. fxe4 c4 13. Qb2 Nxb4 14.
Bxd7+ Qxd7 15. O-O Nd3 16. Qc3 e5 17. Bg3 Bb4 18.
Qc2 Qa7 19. Nbc3 dxe4 20. Nd5 Qc5 21. Nxb4 Qxb4 22. Bxe5 Nxe5 23. Qxe4 Qa5 24. Rf5 f6 25. Rxe5+ fxe5 26. Qc6+ Ke7 27. Qb7+ Ke6 28. Qc6+ Ke7 29. Qb7+ Ke6 30. Qc6+ Ke7 1/2-1/2

[Event "Late-Titled-Tuesday-Blitz-March-26-2024"]
[Site "Chess.com"]
[Date "2024.03.26"]
[Round "1"]
[White "EsmeraldasAnderson03"]
[Black "jinxy2009"]
[Result "1-0"]
[WhiteElo "2608"]
[BlackElo "2263"]
[TimeControl "180+1"]
[EndTime "14:06:54 PDT"]
[Termination "EsmeraldasAnderson03 won by resignation"]

1. d4 Nf6 2. c4 g6 3. Nc3 d5 4.
cxd5 Nxd5 5. e4 Nxc3 6. bxc3 Bg7 7. Bc4 c5 8. Ne2 O-O 9. O-O Nc6 10. Be3 b6 11. Qd2 e6 12. Rfd1 cxd4 13. cxd4 Na5 14. Bd3 Bb7 15. Rac1 Qd7 16. Bh6 Rac8 17. Bxg7 Kxg7 18.
h4 h5 19. Qg5 Rxc1 20. Rxc1 Rc8 21. Rxc8 Qxc8 22. Ng3 Kf8 23. Qh6+ Ke7 24. Qg5+ Kf8 25. e5 Nc6 26. Ne4 Nxd4 27. Nd6 Qd7 28. Bxg6 fxg6 29. Qf4+ Nf5 30. f3 Kg7 31. Kh2 Bc6 32. g4 Nxd6 33.
exd6 hxg4 34. fxg4 Bd5 35. h5 gxh5 36. gxh5 Qf7 37. h6+ Kf8 38. Qxf7+ Kxf7 39. d7 Ke7 40. h7 Kxd7 41. h8=Q Kc7 42. Qg7+ Kc6 43. Qxa7 b5 44. Kg3 Kd6 45. Kf4 Kc6 46. Ke5 1-0

[Event "Late-Titled-Tuesday-Blitz-March-26-2024"]
[Site "Chess.com"]
[Date "2024.03.26"]
[Round "1"]
[White "vladoboch"]
[Black "BlueWizzard"]
[Result "0-1"]
[WhiteElo "2467"]
[BlackElo "2877"]
[TimeControl "180+1"]
[EndTime "14:06:55 PDT"]
[Termination "BlueWizzard won by resignation"]

1. Nf3 g6 2. c4 Bg7 3. d4 c5 4. d5 b5 5. e4 Nf6 6. Nbd2 O-O 7. Bd3 d6 8. O-O b4 9. a3 a5 10. Re1 Bg4 11. h3 Bxf3 12. Nxf3 Nfd7 13. Qe2 Na6 14. Rb1 Rb8 15. Bf4 Ne5 16. Nxe5 Bxe5 17. Bh6 Re8 18. f4 Bd4+ 19. Kh1 e6 20. dxe6 Rxe6 21. Qg4 Kh8 22. e5 dxe5 23. Bg5 Qf8 24. f5 Rd6 25. Be4 f6 26. Bh4 g5 27. Bg3 Qe8 28.
Qf3 Rdb6 29. b3 bxa3 30. Re2 a4 31. Ra2 Rxb3 32. Rxb3 Rxb3 33. Qh5 Qxh5 0-1